 Dungeon Crawl Stone Soup version 0.28.0-53-g5a82cb258f (webtiles) character file.

Game seed: 17529984535167322018

19 Sin92 the Skirmisher (level 2, 0/24 HPs)
             Began as a Demonspawn Fighter on June 23, 2022.
             Slain by an orc
             ... wielding a +0 trident
              (6 damage)
             ... on level 2 of the Dungeon.
             The game lasted 00:02:11 (881 turns).

Sin92 the Skirmisher (Demonspawn Fighter)            Turns: 881, Time: 00:02:11

Health: 0/24       AC:  7    Str: 16    XL:     2   Next: 55%
Magic:  2/2        EV:  8    Int:  9    God:
Gold:   12         SH:  4    Dex: 12    Spells: 1/1 levels left

rFire   . . .      SeeInvis .   a - +0 flail
rCold   . . .      Faith    .   c - +0 buckler
rNeg    . . .      Spirit   .   b - +0 scale mail
rPois   .          Reflect  .   g - +0 helmet
rElec   .          Harm     .   (no cloak)
rCorr   .          Rampage  .   (no gloves)
Will    .....                   (no boots)
Stlth   ..........              (no amulet)
HPRegen 0.08/turn               (no ring)
MPRegen 0.08/turn               (no ring)

@: mighty
A: foul stench 1
a: no special abilities


You were on level 2 of the Dungeon.
You visited 1 branch of the dungeon, and saw 2 of its levels.

You collected 12 gold pieces.

Inventory:

Hand Weapons
 a - a +0 flail (weapon)
Armour
 b - a +0 scale mail (worn)
 c - a +0 buckler (worn)
 g - a +0 helmet (worn)
Scrolls
 f - a scroll of identify
 h - a scroll of fear {unknown}
Potions
 e - a potion of flight


   Skills:
 + Level 3.2 Fighting
 * Level 2.3 Maces & Flails
 + Level 2.9 Armour
 + Level 2.9 Shields


You had one spell level left.
You didn't know any spells.
Your spell library contained the following spells:

 Spells                   Type           Power      Damage    Failure   Level
 Slow                     Hex            0%         N/A       88%         1
 Corpse Rot               Necr/Air       0%         N/A       96%         2
 Confusing Touch          Hex            0%         N/A       99%         3
 Vampiric Draining        Necr           0%         2d6       99%         3
 Dispel Undead            Necr           0%         3d6       100%        4
 Death Channel            Necr           0%         N/A       100%        6


Dungeon Overview and Level Annotations

Branches:
Dungeon (2/15)

Altars:


Innate Abilities, Weirdness & Mutations

You may rarely emit foul miasma when damaged in melee.


Message History

Unknown command.
You are too injured to fight recklessly!
Unknown command.
You block the orc's attack.
There is a stone staircase leading up here.
The orc hits you but does no damage. x2; The orc closely misses you.
The orc hits you from afar with a +0 trident.
* * * LOW HITPOINT WARNING * * *
You climb upwards.
There is a stone staircase leading down here.
The orc barely misses you.
There is an open door here.
You open the door. The orc closely misses you.
There is an open door here.
There is an open door here.
You feel very mighty all of a sudden. The orc hits you but does no damage.
You closely miss the orc.
The orc is severely wounded.
The orc hits you but does no damage. You block the orc's attack.
You sock the orc!
You kill the orc!
The orc closely misses you.
You sock the orc!
You kill the orc!
You barely miss the orc. You block the orc's attack.
You thump the orc!
You kill the orc!
Items here: ))) [ ††.
There is a stone staircase leading down here.
You climb downwards.
The kobold hits you but does no damage.
There is a stone staircase leading up, spattered with blood here.
You barely miss the kobold. The kobold hits you but does no damage.
You thump the kobold!
You kill the kobold!
The orc completely misses you. The orc barely misses you.
The orc hits you but does no damage.
You barely miss the orc. The orc closely misses you.
You closely miss the orc. The orc hits you with a +0 trident.
You die...

##.........# ##
..........# #(⌠
.........#
#[###.....?..#
##.#.........#
.#............#
..............#
##...o..."...#
#....@.)....#
#.....<.....+
#...........#
#........$..#
###+#########


You could see an orc.

Vanquished Creatures
  A dart slug (D:1)
  3 orcs (D:1)
  A ball python (D:1)
  3 endoplasms (D:1)
  A hobgoblin (D:1)
  A quokka (D:1)
  A frilled lizard (D:1)
  A goblin (D:1)
  A kobold (D:2)
13 creatures vanquished.

Notes
Turn   | Place    | Note
-------+----------+-------------------------------------------
     0 | D:1      | Sin92 the Demonspawn Fighter began the quest for the Orb.
     0 | D:1      | Reached XP level 1. HP: 18/18 MP: 1/1
   325 | D:1      | Found a faded altar of an unknown god.
   440 | D:1      | Gained mutation: You may rarely emit foul miasma when
                  | damaged in melee. [demonic ancestry]
   440 | D:1      | Reached XP level 2. HP: 18/24 MP: 2/2
   881 | D:2      | Slain by an orc

Illustrated notes

Levels and vault maps discovered:
D:1:      wander_arrival_estate, layout_basic, chequers_ecumenical_altar_simple,
          minmay_misc_feat_doors
D:2:      layout_basic, basic_altar, grunt_decor_clamped, minmay_pentomino_x4,
          uniq_jessica

Skill      XL: |  1 |
---------------+----+-----
Maces & Flails | 2 |  2.3
Fighting       | |  3.2
Armour         | |  2.9
Shields        | |  2.9

Action                   || total
-------------------------++-------
Melee: Flail             ||    31
  Use: Scroll            ||     1
       Potion            ||     1
Armor: Scale mail        ||    21
Dodge: Dodged            ||    14
Block: Buckler           ||     6
